 Dungeon Crawl Stone Soup version 0.26.1-16-g4e020e15dc (webtiles) character file.

Game seed: 12040752488814230111

7185 tkbsonic5 the Fighter (level 10, -5/79 HPs)
             Began as a Yellow Draconian Brigand on Jan 15, 2023.
             Was a Priest of Hepliaklqana.
             Slain by a wolf (8 damage)
             ... on level 10 of the Dungeon on Jan 19, 2023.
             The game lasted 01:15:50 (13558 turns).

tkbsonic5 the Fighter (Yellow Draconian Brigand)   Turns: 13558, Time: 01:15:51

Health: -5/79      AC: 10    Str: 15    XL:     10   Next: 87%
Magic:  7/15       EV: 11    Int: 19    God:    Hepliaklqana [***...]
Gold:   94         SH:  8    Dex: 13    Spells: 0/15 levels left

rFire    . . .     SeeInvis .   e - +1 spear (flame)
rCold    . . .     Faith    +   l - +1 kite shield
rNeg     . . .     Spirit   .   (armour unavailable)
rPois    .         Reflect  .   (helmet restricted)
rElec    .         Harm     .   b - +2 cloak
rCorr    +         Rampage  .   (no gloves)
Will     .....                  (no boots)
Stlth    +++.......             c - amulet of faith
HPRegen  0.23/turn              g - ring of wizardry
MPRegen  0.14/turn              F - +6 ring of intelligence

@: short of breath
A: spit acid, unfitting armour, reduced essence, cold-blooded, acid resistance,
AC +7
a: Breathe Acid, Renounce Religion, Recall Ancestor, Ancestor Identity,
Transference


You were on level 10 of the Dungeon.
You worshipped Hepliaklqana.
Hepliaklqana was most pleased with you.
You visited 3 branches of the dungeon, and saw 13 of its levels.

You collected 400 gold pieces.
You spent 306 gold pieces at shops.

Inventory:

Hand Weapons
 a - a +0 glaive
 e - a +1 spear of flaming (weapon)
 G - a +2 scimitar of flaming
 H - a +1 vampiric whip
Missiles
 d - 35 poisoned darts
 i - 109 sling bullets
 j - 5 boomerangs
 u - 2 curare-tipped darts
 z - 8 datura-tipped darts
 I - 4 javelins
Armour
 b - a +2 cloak (worn)
 l - a +1 kite shield (worn)
Magical Staves
 x - an uncursed staff of cold
Jewellery
 c - an amulet of faith (around neck)
 g - a ring of wizardry (left hand)
 s - an uncursed amulet of magic regeneration
 w - an uncursed ring of willpower
 C - a +4 ring of evasion
 D - an uncursed amulet of the acrobat
 F - a +6 ring of intelligence (right hand)
Wands
 A - a wand of digging (4)
Scrolls
 h - 8 scrolls of teleportation
 k - 2 scrolls of amnesia
 o - 9 scrolls of remove curse
 p - a scroll of magic mapping
 J - a scroll of silence
Potions
 m - 3 potions of magic
 n - 2 potions of flight
 q - a potion of might {unknown}
 r - 4 potions of brilliance
 t - a potion of cancellation {unknown}
 v - 2 potions of attraction
 B - a potion of haste {unknown}


   Skills:
 * Level 8.0 Fighting
 - Level 2.0 Short Blades
 * Level 6.7 Polearms
 - Level 4.5 Throwing
 + Level 4.2 Dodging
 - Level 6.3 Stealth
 * Level 1.2 Shields
 * Level 3.3 Spellcasting
 + Level 2.9 Conjurations
 * Level 1.3 Hexes
 + Level 2.7 Summonings
 + Level 2.6 Translocations
 * Level 1.7 Transmutations
 + Level 1.5 Fire Magic
 + Level 3.1 Air Magic
 + Level 3.1 Poison Magic
 * Level 3.8 Invocations
 - Level 4.0 Evocations


You couldn't memorise any spells.
You knew the following spells:

 Your Spells              Type           Power        Failure   Level
a - Mephitic Cloud        Conj/Pois/Air  14%          28%         3
b - Blink                 Tloc           N/A          17%         2
c - Call Imp              Summ           13%          16%         2
d - Conjure Flame         Conj/Fire      11%          38%         3
e - Wereblood             Tmut           9%           26%         2
f - Beastly Appendage     Tmut           18%          16%         1
g - Slow                  Hex            8%           28%         2

Your spell library contained the following spells:

 Spells                   Type           Power        Failure   Level
 Magic Dart               Conj           56%          11%         1
 Spider Form              Tmut/Pois      6%           34%         3
 Ice Form                 Ice/Tmut       6%           91%         4
 Blade Hands              Tmut           4%           98%         5


Dungeon Overview and Level Annotations

Branches:
Dungeon (11/15)            Temple (1/1) D:6            Lair (1/6) D:10
    Orc (0/2) D:10

Altars:
Ashenzari
Cheibriados
Dithmenos
Elyvilon
Fedhas
Gozag
Hepliaklqana
Kikubaaqudgha
Makhleb
Nemelex Xobeh
Okawaru
Qazlal
Ru
Sif Muna
Trog
Uskayaw
Vehumet
Wu Jian
Xom
Yredelemnul
Zin
The Shining One
Jiyva

Shops:
D:10 *

Annotations:
D:7 1 runed translucent door
D:10 3 runed translucent doors, Hypnoxylon's ghost, novice DsMo


Innate Abilities, Weirdness & Mutations

You can spit globs of acid.
Your golden yellow scales are hard. (AC +7)
You cannot fit into any form of body armour.
You are cold-blooded and may be slowed by cold attacks.
You are resistant to acid. (rCorr)
Your life essence is reduced to manifest your ancestor. (-10% HP)


Message History

You tail-slap the yak, but do no damage.
The yak is heavily wounded.
The wolf is engulfed in noxious fumes.
The wolf misses Eigt.
You block the yak's attack.
Press: ? - help, Shift-Dir - straight line, f - yak
Aim: a yak (heavily wounded)
You spit a glob of acid.
The glob of acid hits the yak!
The yak is splashed with acid.
The yak is severely wounded.
The acid splashes onto the wolf!
The wolf is splashed with acid.
The acid splashes onto the wolf!
The wolf is splashed with acid.
You kill the wolf!
Eigt blocks the wolf's attack.
Eigt barely misses the wolf.
The yak completely misses you.
Eigt blocks the wolf's attack.
You block the wolf's attack.
Your Fighting skill increases to level 8!
You barely miss the yak.
The yak is severely wounded.
Eigt blocks the wolf's attack.
The wolf bites you!
You die...

##.......................P.[[[...
W#....................>†.........
.#...............................
.#........[.....#...........#....
##..............##..Y.)....####..
#...............####.....### ###
##.....................###
#..................####
##.............@Y†R## #####
#..............h..h#######...##
##............................#
#..............####...##.....#
##.............# ######......
#............## #......
######.....<....## #......
................# #......
####.....>.....## ##......


You could see the friendly Eigt the knight, a yak and 2 wolves.

Vanquished Creatures
  An ugly thing (D:11)
  A gargoyle (D:10)
  2 wraiths
  5 yaks (D:9)
  A wyvern (D:10)
  A water moccasin (D:5)
  3 orc warriors
  An ice beast (D:9)
  3 sky beasts
  A necrophage (D:10)
  4 phantoms
  A black bear (D:10)
  5 ogres
  A wolf (D:10)
  2 centaurs
  A big kobold (D:4)
  2 bullfrogs (D:9)
  2 wights (D:10)
  A howler monkey (D:4)
  3 hounds (D:4)
  3 jellies
  8 orc priests
  A centaur skeleton (D:8)
  2 iguanas (D:5)
  Terence (D:2)
  10 orc wizards
  4 worker ants
  A worker ant zombie (D:6)
  7 gnolls
  17 adders
  2 white imps
  An ufetubus (D:5)
  4 oozes
  4 worms
  4 dart slugs
  2 leopard geckos
  45 orcs
  7 bats
  10 giant cockroaches
  8 goblins
  6 hobgoblins
  13 kobolds
  3 quokkas
  A ball python skeleton (D:5)
  6 frilled lizards
  2 leopard gecko skeletons (D:8)
  11 rats
224 creatures vanquished.

Vanquished Creatures (collateral kills)
  A cane toad (D:10)
  An efreet (D:10)
  A yak (D:10)
  2 wargs (D:10)
  An ice beast (D:8)
  2 orc warriors (D:10)
  A black bear (D:9)
  2 ogres (D:8)
  3 centaurs
  A big kobold (D:10)
  A scorpion (D:5)
  3 wights (D:10)
  A centaur zombie (D:8)
  A jelly (D:10)
  4 hounds
  2 orc priests (D:10)
  8 orc wizards
  2 iguanas (D:10)
  A worker ant (D:8)
  A gnoll (D:9)
  A howler monkey skeleton (D:10)
  A shadow imp (D:7)
  9 orcs
  A goblin (D:9)
  A kobold (D:10)
52 creatures vanquished.

Vanquished Creatures (others)
  An ancestor (D:9)
  5 knights
  5 toadstools (D:1)
11 creatures vanquished.

Grand Total: 287 creatures vanquished

Notes
Turn   | Place    | Note
-------+----------+-------------------------------------------
     0 | D:1      | tkbsonic5 the Draconian Brigand began the quest for the
                  | Orb.
     0 | D:1      | Reached XP level 1. HP: 17/17 MP: 1/1
   244 | D:1      | Reached XP level 2. HP: 22/25 MP: 2/2
   574 | D:1      | Reached skill level 1 in Polearms
   682 | D:1      | Reached skill level 3 in Fighting
   682 | D:1      | Reached XP level 3. HP: 31/31 MP: 3/3
  1175 | D:2      | Noticed Terence
  1432 | D:2      | Killed Terence
  1433 | D:2      | Reached XP level 4. HP: 38/38 MP: 4/4
  1464 | D:2      | Found a shadowy altar of Dithmenos.
  2371 | D:3      | Reached XP level 5. HP: 46/46 MP: 5/5
  2395 | D:3      | Reached skill level 4 in Fighting
  2853 | D:3      | Reached XP level 6. HP: 53/53 MP: 6/6
  3045 | D:3      | Found an opulent altar of Gozag.
  3190 | D:4      | Reached skill level 1 in Evocations
  3315 | D:4      | Reached skill level 5 in Stealth
  3315 | D:4      | Your scales start taking on a golden yellow colour.
  3315 | D:4      | Reached XP level 7. HP: 60/60 MP: 7/7
  3315 | D:4      | Gained mutation: You are resistant to acid. (rCorr) [Yellow
                  | Draconian growth]
  3320 | D:4      | Reached skill level 5 in Fighting
  3830 | D:4      | Reached XP level 8. HP: 44/70 MP: 8/8
  3836 | D:4      | Reached skill level 1 in Dodging
  4278 | D:5      | Entered Level 5 of the Dungeon
  4578 | D:5      | Reached skill level 6 in Fighting
  4686 | D:5      | Paralysed by an orc for 6 turns
  5025 | D:5      | Reached skill level 5 in Polearms
  5319 | D:5      | Learned a level 3 spell: Mephitic Cloud
  5322 | D:5      | Learned a level 2 spell: Blink
  5325 | D:5      | Learned a level 2 spell: Call Imp
  6024 | D:6      | Found a shimmering blue altar of Sif Muna.
  6256 | D:6      | Found a glowing golden altar of the Shining One.
  6299 | D:6      | Found a staircase to the Ecumenical Temple.
  6366 | Temple   | Entered the Ecumenical Temple
  6551 | Temple   | Became a worshipper of Hepliaklqana the Forgotten
  6898 | D:7      | Reached skill level 1 in Spellcasting
  6898 | D:7      | Reached XP level 9. HP: 62/70 MP: 1/10
  6990 | D:7      | Found a glowing golden altar of the Shining One.
  6993 | D:7      | Found a runed translucent door.
  6993 | D:7      | Noticed an angel
  7473 | D:7      | Reached skill level 1 in Poison Magic
  7518 | D:7      | Found an ancient bone altar of Kikubaaqudgha.
  7523 | D:7      | Found a broken altar of Ashenzari.
  7531 | D:7      | Found a radiant altar of Vehumet.
  7606 | D:8      | Reached skill level 1 in Conjurations
  7737 | D:8      | Reached * piety under Hepliaklqana
  7758 | D:8      | Reached skill level 1 in Air Magic
  7987 | D:8      | Reached skill level 1 in Translocations
  8428 | D:8      | Reached skill level 1 in Summonings
  8562 | D:8      | Found an opulent altar of Gozag.
  8562 | D:8      | Found a glowing silver altar of Zin.
  8715 | D:9      | Reached skill level 7 in Fighting
  8733 | D:9      | Found a blossoming altar of Fedhas.
  8925 | D:9      | Reached ** piety under Hepliaklqana
  8926 | D:9      | Remembered your ancestor Eigt as a knight
  9053 | D:9      | Reached skill level 1 in Invocations
  9349 | D:9      | Found a sacrificial altar of Ru.
  9745 | D:9      | Learned a level 3 spell: Conjure Flame
  9748 | D:9      | Learned a level 2 spell: Wereblood
  9750 | D:9      | Learned a level 1 spell: Beastly Appendage
  9823 | D:10     | Entered Level 10 of the Dungeon
  9829 | D:10     | Reached XP level 10. HP: 77/77 MP: 11/14
 10025 | D:10     | Noticed a gargoyle
 10063 | D:10     | Found a runed translucent gate.
 10281 | D:10     | Found a runed translucent gate.
 10281 | D:10     | Found a runed translucent gate.
 10284 | D:10     | Noticed Hypnoxylon's ghost (novice DsMo)
 10368 | D:10     | Found a viscous altar of Jiyva.
 10419 | D:10     | Found a staircase to the Lair.
 11399 | D:10     | Found a staircase to the Orcish Mines.
 11553 | D:10     | Reached skill level 1 in Fire Magic
 11996 | D:10     | Reached *** piety under Hepliaklqana
 12264 | D:10     | Reached skill level 1 in Transmutations
 12317 | D:10     | Killed a gargoyle
 12587 | D:10     | Found Xeonioha's Assorted Antiques.
 12591 | D:10     | Learned a level 2 spell: Slow
 12621 | D:10     | Bought a kite shield for 135 gold pieces
 12621 | D:10     | Bought a scroll of identify for 60 gold pieces
 12621 | D:10     | Bought a glowing purple potion for 27 gold pieces
 12621 | D:10     | Bought an emerald potion for 27 gold pieces
 12621 | D:10     | Bought a scroll labelled OFUGIUNGUU for 30 gold pieces
 12621 | D:10     | Bought a white potion for 27 gold pieces
 13082 | D:11     | Noticed a green ugly thing
 13117 | D:11     | Killed a green ugly thing
 13118 | D:11     | Reached skill level 1 in Hexes
 13389 | Lair:1   | Entered Level 1 of the Lair of Beasts
 13389 | Lair:1   | Noticed a cane toad
 13390 | Lair:1   | Upgraded the game from 0.26.1-15-g04117e645d to
                  | 0.26.1-16-g4e020e15dc
 13402 | D:10     | Killed a cane toad
 13403 | D:10     | Reached skill level 1 in Shields
 13555 | D:10     | HP: 2/79 [yak (16)]
 13558 | D:10     | Reached skill level 8 in Fighting
 13558 | D:10     | Slain by a wolf

Illustrated notes

Levels and vault maps discovered:
D:1:      ldierk_walled_garden, layout_basic, corner_web_ring,
          minmay_pentomino_s4
D:2:      minmay_chambers_of_twos, layout_loops_cross,
          nicolae_dithmenos_shadow_blocks, uniq_terence, uniq_crazy_yiuf_cottage
D:3:      layout_rooms, grunt_gozag_statues
D:4:      layout_basic
D:5:      layout_basic
D:6:      layout_cave_pools, overflow_temple_1_default, general_overflow_altar,
          temple_doors_e, lemuel_old_faithful
D:7:      layout_basic, minmay_overflow_temple_star_quad, lemuel_angel_altar
D:8:      layout_cave_pools, grunt_temple_overflow_gold_and_silver
D:9:      layout_basic, old_standard_altar, nicolae_ru_great_annihilating_truth
D:10:     layout_layer_cave, erik_lair_orcish_takeover, david_orc_3,
          gammafunk_ghost_ooze, serial_shops, nicolae_shop_waterfront,
          minivault_1
D:11:     layout_loops_cross, uniq_fannar
Temple:   eino_narrow_crystal_temple
Lair:1:   layout_hall_layers, lemuel_oklob_altar, lemuel_fruit_tree

Skill      XL: |  1  2  3  4  5  6  7  8  9 10 |
---------------+-------------------------------+-----
Throwing       | 2 3 4 |  4.5
Polearms       | 1 2 3 4 5 6 |  6.7
Fighting       | 3 4 5 6 7 8 |  8.0
Stealth        | 4 5 6 |  6.3
Evocations     | 1 3 4 |  4.0
Dodging        | 2 3 4 |  4.2
Spellcasting   | 1 2 3 |  3.3
Poison Magic   | 2 3 |  3.1
Conjurations   | 2 |  2.9
Air Magic      | 2 3 |  3.1
Translocations | 1 2 |  2.6
Summonings     | 1 2 |  2.7
Invocations    | 2 3 |  3.8
Fire Magic     | 1 |  1.5
Transmutations | 1 |  1.7
Hexes          | 1 |  1.3
Shields        | 1 |  1.2
Short Blades   | |  2.0

Action                   |  1- 3 |  4- 6 |  7- 9 | 10-12 || total
-------------------------+-------+-------+-------+-------++-------
Melee: Dagger            |    24 |       |       |       ||    24
       Spear             |    68 |   126 |   327 |   214 ||   735
       Tailslap          |     4 |    13 |    30 |    19 ||    66
       Headbutt          |       |       |       |     4 ||     4
       Kick              |       |       |       |     3 ||     3
Throw: Dart              |    30 |    63 |    57 |       ||   150
       Boomerang         |       |    42 |    54 |       ||    96
       Javelin           |       |       |       |     4 ||     4
 Cast: Call Imp          |       |       |    59 |    56 ||   115
       Mephitic Cloud    |       |       |     8 |    12 ||    20
       Beastly Appendage |       |       |       |     4 ||     4
       Conjure Flame     |       |       |       |     1 ||     1
       Blink             |       |       |       |     1 ||     1
       Wereblood         |       |       |       |     1 ||     1
Invok: Ancestor Identity |       |       |     1 |       ||     1
       Ancestor Life: Kn |       |       |     1 |       ||     1
       Recall Ancestor   |       |       |       |     1 ||     1
 Abil: Breathe Acid      |       |       |    19 |     9 ||    28
Evoke: Wand              |       |     7 |     8 |     2 ||    17
  Use: Scroll            |     9 |     4 |    11 |     9 ||    33
       Potion            |     1 |     1 |     3 |    11 ||    16
 Stab: Sleeping          |     4 |     1 |     8 |     1 ||    14
       Invisible         |     2 |       |       |       ||     2
       Paralysed         |       |       |     5 |     2 ||     7
       Distracted        |       |       |     2 |     3 ||     5
       Confused          |       |       |     2 |     2 ||     4
Armor: Skin              |    35 |    28 |    85 |    43 ||   191
Dodge: Dodged            |    69 |    45 |   111 |    87 ||   312
Block: Kite shield       |       |       |       |    35 ||    35
